 Dungeon Crawl Stone Soup version 0.29-a0-275-g389c0b56f3 (webtiles) character file.

Game seed: 17485026523431311501

719 Morbidden the Ruffian (level 7, -1/66 HPs)
             Began as a Troll Transmuter on Mar 11, 2022.
             Slain by an orc warrior
             ... wielding a +0 battleaxe
              (21 damage)
             ... on level 6 of the Dungeon.
             The game lasted 00:06:41 (4952 turns).

Morbidden the Ruffian (Troll Transmuter)            Turns: 4952, Time: 00:06:41

Health: -1/66      AC:  5    Str: 19    XL:     7   Next: 42%
Magic:  9/9        EV: 10    Int: 11    God:
Gold:   275        SH:  0    Dex: 10    Spells: 7/10 levels left

rFire   . . .      SeeInvis .     - Unarmed
rCold   . . .      Faith    .   (no shield)
rNeg    . . .      Spirit   .   a - +1 robe
rPois   .          Reflect  .   (helmet currently unavailable)
rElec   .          Harm     .   p - scarf {shadows}
rCorr   .          Rampage  .   (gloves unavailable)
Will    .....                   (boots unavailable)
Stlth   +.........              s - amulet of the acrobat
HPRegen 1.01/turn               (no ring)
MPRegen 0.11/turn               (no ring)

@: appendages (expiring)
A: horns 2, talons 2, large, unfitting armour, claws 3, regeneration 1, shaggy
fur 1, tough skin 1
a: End Transformation


You were on level 6 of the Dungeon.
You had temporarily grown beastly horns and talons.
You visited 1 branch of the dungeon, and saw 6 of its levels.
You also visited: Sewer.

You collected 275 gold pieces.

Inventory:

Hand Weapons
 t - the +11 short sword of Wulycla {vorpal, rF+}
   (You found it on level 3 of the Dungeon)

   It inflicts extra damage upon your enemies.
   rF:        It protects you from fire.
Missiles
 j - a throwing net
 n - 12 poisoned darts
Armour
 a - a +1 robe (worn)
 m - a +0 cloak
 p - a scarf of shadows (worn)
Jewellery
 o - an amulet of magic regeneration
 s - an amulet of the acrobat (around neck)
Wands
 l - a wand of digging (6)
 v - a wand of paralysis (8)
Scrolls
 c - a scroll of identify
 f - a scroll of enchant armour
 i - 3 scrolls of noise
 q - 2 scrolls of teleportation
 w - a scroll of silence {unknown}
 x - a scroll of acquirement {unknown}
Potions
 b - a potion of lignification
 d - 2 potions of attraction
 e - a potion of curing {unknown}
 g - 5 potions of flight
 h - 2 potions of invisibility {unknown}
 k - 2 potions of heal wounds
 r - 3 potions of mutation {unknown}
 u - a potion of brilliance {unknown}


   Skills:
 * Level 2.6 Fighting
 - Level 1.1(1.2) Short Blades
 + Level 0.4(0.9) Long Blades
 + Level 2.4 Dodging
 + Level 0.7 Stealth
 * Level 5.6 Unarmed Combat
 * Level 2.2 Spellcasting
 * Level 2.9 Transmutations


You had 7 spell levels left.
You knew the following spells:

 Your Spells              Type           Power      Damage    Failure   Level
a - Beastly Appendage     Tmut           14%        N/A       9%          1
z - Wereblood             Tmut           7%         N/A       13%         2

Your spell library contained the following spells:

 Spells                   Type           Power      Damage    Failure   Level
 Animate Skeleton         Necr           2%         N/A       28%         1
 Apportation              Tloc           2%         N/A       28%         1
 Pain                     Necr           4%         1d4       28%         1
 Summon Small Mammal      Summ           4%         N/A       28%         1
 Corpse Rot               Necr/Air       2%         N/A       41%         2
 Poisonous Vapours        Pois/Air       2%         N/A       41%         2
 Spider Form              Tmut/Pois      4%         N/A       43%         3
 Ice Form                 Ice/Tmut       4%         N/A       83%         4
 Agony                    Necr           1%         N/A       100%        5
 Excruciating Wounds      Necr           0%         N/A       100%        5


Dungeon Overview and Level Annotations

Branches:
Dungeon (6/15)              Sewer (visited)
 Temple: D:4-7

Altars:

Shops:
D:4 (*[(*


Innate Abilities, Weirdness & Mutations

You have temporarily grown beastly horns and talons.
You are too large for most types of armour.
You have claws for hands.
Your natural rate of healing is unusually fast.
You are covered in fur. (AC +1)
You have tough skin. (AC +1)


Message History

a +0 whip; a +0 mace; a +0 leather armour
There is a stone staircase leading down, spattered with blood here.
Unknown command.
You feel less attractive to monsters.
HP restored.
Done exploring.
Done exploring.
You climb downwards.
The orc warrior misses you.
There is a stone staircase leading up, spattered with blood here.
You scratch the orc warrior.
The orc warrior is lightly wounded.
The orc warrior closely misses you.
Casting: Beastly Appendage (safe; 9% risk of failure)
Confirm with . or Enter, or press ? or * to list all spells.
You grow a pair of large bovine horns.
Your feet morph into talons.
The orc warrior barely misses you. The orc warrior completely misses you.
Unknown command.
You closely miss the orc warrior.
You claw the orc warrior, but do no damage.
The orc warrior is lightly wounded.
The orc warrior barely misses you.
You scratch the orc warrior.
You claw the orc warrior, but do no damage.
The orc warrior is lightly wounded.
The orc warrior hits you with a +0 battleaxe!!
You scratch the orc warrior but do no damage.
You claw the orc warrior.
The orc warrior is moderately wounded.
Your transformation is almost over.
The orc warrior hits you with a +0 battleaxe!
You scratch the orc warrior but do no damage.
You claw the orc warrior, but do no damage.
The orc warrior is moderately wounded.
The orc warrior hits you with a +0 battleaxe!
* * * LOW HITPOINT WARNING * * *
You barely miss the orc warrior.
The orc warrior is moderately wounded.
The orc warrior hits you with a +0 battleaxe!!
You die...

#.......#
#.......#
#.......#
#.......#
#.......#
#...!...+
.####.......#
......@....#.
.....o...#.#
.............
...........#.
.##.#....<.#
#.#.###### #
#.


You could see an orc warrior.

Vanquished Creatures
  An ogre (D:5)
  A sky beast (D:5)
  A scorpion (D:4)
  A necrophage (D:4)
  A jelly (D:5)
  An iguana (D:5)
  2 orc wizards
  15 adders
  5 river rats (Sewer)
  3 worms
  6 dart slugs
  16 orcs
  3 endoplasms
  6 giant cockroaches
  6 goblins
  5 hobgoblins
  3 jackals
  5 kobolds
  4 quokkas
  13 ball pythons
  10 bats
  3 frilled lizards
  5 rats
116 creatures vanquished.

Notes
Turn   | Place    | Note
-------+----------+-------------------------------------------
     0 | D:1      | Morbidden the Troll Transmuter began the quest for the Orb.
     0 | D:1      | Reached XP level 1. HP: 18/18 MP: 1/1
    40 | D:1      | Reached XP level 2. HP: 26/26 MP: 3/3
    66 | D:1      | Found a faded altar of an unknown god.
    84 | D:1      | Reached skill level 1 in Fighting
   385 | D:1      | Reached XP level 3. HP: 33/33 MP: 4/4
  1340 | D:3      | Reached skill level 4 in Unarmed Combat
  1513 | D:3      | Reached XP level 4. HP: 33/41 MP: 5/5
  1577 | D:3      | Learned a level 2 spell: Wereblood
  1867 | D:3      | Identified the +11 short sword of Wulycla {vorpal, rF+}
  2094 | D:4      | Found Uhoywapn's General Store.
  2249 | D:4      | Reached XP level 5. HP: 45/48 MP: 6/6
  2269 | D:4      | Found Nuthri's Assorted Antiques.
  2287 | D:4      | Found Maor's Armour Boutique.
  2527 | D:4      | Reached XP level 6. HP: 55/57 MP: 7/7
  2667 | D:4      | Found Xecaca's Antique Weapon Boutique.
  2805 | D:4      | Found Mabbegall's Weapon Shoppe.
  2912 | D:5      | Entered Level 5 of the Dungeon
  2980 | D:5      | Reached skill level 1 in Short Blades
  2980 | D:5      | Reached skill level 5 in Unarmed Combat
  3239 | D:5      | Found a glowing drain.
  3257 | Sewer    | Entered a sewer
  3407 | Sewer    | Reached XP level 7. HP: 47/65 MP: 9/9
  4903 | D:6      | HP: 1/66 [orc/+0 mace (6)]
  4952 | D:6      | Slain by an orc warrior

Illustrated notes

Levels and vault maps discovered:
D:1:      minmay_arrival_arboretum_large, layout_basic, basic_ecumenical_altar
D:2:      layout_basic, kennysheep_another_room, lemuel_another_geyser
D:3:      layout_basic
D:4:      layout_loops_cross, serial_shops, nicolae_shop_crystal,
          kennysheep_mini_moat, shop, nicolae_shop_trees, shop
D:5:      layout_loops_corners, portal_sewer_entry_f
D:6:      layout_basic, minmay_temple_entry_offerings, hex_medium

Skill      XL: |  1  2  3  4  5  6 |
---------------+-------------------+-----
Fighting       | 1 2 |  2.6
Unarmed Combat | 4 5 |  5.6
Transmutations | 2 |  2.9
Dodging        | 2 |  2.4
Short Blades   | 1 |  1.1
Spellcasting   | 2 |  2.2
Long Blades    | |  0.4
Stealth        | |  0.7

Action                   |  1- 3 |  4- 6 |  7- 9 || total
-------------------------+-------+-------+-------++-------
Melee: Unarmed           |   108 |    58 |    94 ||   260
       Punch             |     1 |     1 |     1 ||     3
       Kick              |     1 |     1 |    12 ||    14
       Short sword       |       |    68 |       ||    68
       Headbutt          |       |     2 |     2 ||     4
 Cast: Beastly Appendage |     5 |     4 |     8 ||    17
       Wereblood         |       |     2 |     1 ||     3
  Use: Scroll            |       |     6 |       ||     6
       Potion            |       |       |     3 ||     3
 Stab: Distracted        |     1 |       |       ||     1
       Sleeping          |       |       |     1 ||     1
Armor: Robe              |    50 |    49 |    26 ||   125
Dodge: Dodged            |    47 |    76 |    53 ||   176

Table legend: (Time is in decaauts)
 A = Elapsed time spent in this place.
 B = Non-inter-level travel time spent in this place.
 C = Inter-level travel time spent in this place.
 D = Time resting spent in this place.
 E = Time spent auto-exploring this place.
 F = Levels seen in this place.
 G = Mean time per level.
                   A        B        C        D        E       F      G
               +--------+--------+--------+--------+--------+-----+--------+
         Total |   5123 |   4896 |    227 |    504 |   3206 |   7 |  731.9 |
       Dungeon |   3974 |   3747 |    227 |    145 |   2706 |   6 |  662.3 |
         Sewer |   1149 |   1149 |      0 |    359 |    500 |   1 | 1149.0 |
               +--------+--------+--------+--------+--------+-----+--------+

Top non-repeatable levels by time:
   Sewer: 1149 daAuts
     D:5: 1048 daAuts
     D:3: 986 daAuts
     D:4: 825 daAuts
     D:2: 624 daAuts
     D:1: 472 daAuts
     D:6: 18 daAuts
